 Dungeon Crawl Stone Soup version 0.26.1-2-gb8aa6d0cf2 (webtiles) character file.

Game seed: 7161513153606441317

178 Chiseanne the Magician (level 5, 13/35 HPs)
             Began as a Demonspawn Hedge Wizard on Mar 30, 2021.
             Quit the game on level 3 of the Dungeon.
             The game lasted 00:03:53 (2838 turns).

Chiseanne the Magician (Demonspawn Hedge Wizard)    Turns: 2838, Time: 00:03:53

Health: 13/35      AC: 11    Str: 10    XL:     5   Next: 32%
Magic:  5/11       EV: 12    Int: 17    God:
Gold:   162        SH:  0    Dex: 12    Spells: 12/13 levels left

rFire    . . .     SeeInvis .   a - +2 short sword (protect)
rCold    . . .     Faith    .   (no shield)
rNeg     . . .     Spirit   .   b - +1 robe
rPois    .         Reflect  .   c - +0 hat
rElec    .         Harm     .   (no cloak)
rCorr    +         Rampage  .   (no gloves)
Will     .....                  (no boots)
Stlth    ++........             (no amulet)
HPRegen  0.11/turn              i - ring of resist corrosion (curse)
MPRegen  0.12/turn              (no ring)

@: protection aura
A: demonic guardian 1, sharp scales 1
a: no special abilities


You were on level 3 of the Dungeon.
You visited 1 branch of the dungeon, and saw 3 of its levels.

You collected 162 gold pieces.

Inventory:

Hand Weapons
 a - a +2 short sword of protection (weapon)
Missiles
 d - 13 poisoned darts
 g - 20 arrows
 k - 54 stones
 l - 4 javelins
 m - 39 bolts
Armour
 b - a +1 robe (worn)
 c - a +0 hat (worn)
Jewellery
 i - a cursed ring of resist corrosion (left hand)
Scrolls
 n - a scroll of remove curse
 o - 4 scrolls of identify
Potions
 e - 2 potions of flight
 f - a potion of heal wounds {unknown}
 h - 2 potions of curing {unknown}
 j - a potion of attraction {unknown}
 p - a potion of lignification {unknown}


   Skills:
 - Level 1.7 Dodging
 - Level 1.7 Stealth
 * Level 4.5 Spellcasting
 * Level 3.7 Conjurations
 - Level 1.0 Summonings
 - Level 0.8 Translocations


You had 12 spell levels left.
You knew the following spells:

 Your Spells              Type           Power        Failure   Level
a - Magic Dart            Conj           64%          3%          1

Your spell library contained the following spells:

 Spells                   Type           Power        Failure   Level
 Blink                    Tloc           N/A          16%         2
 Call Imp                 Summ           7%           16%         2
 Conjure Flame            Conj/Fire      10%          21%         3
 Slow                     Hex            3%           22%         2
 Mephitic Cloud           Conj/Pois/Air  8%           26%         3


Dungeon Overview and Level Annotations

Branches:
Dungeon (3/15)

Altars:
Ashenzari
Okawaru


Innate Abilities, Weirdness & Mutations

A weak demonic guardian rushes to your aid.
You are partially covered in razor-sharp scales. (AC +1, Slay +1)


Message History

The bullfrog closely misses you. The bullfrog hits you.
You closely miss the bullfrog.
The bullfrog is almost dead.
The bullfrog closely misses you.
You barely miss the bullfrog.
The bullfrog is almost dead.
The bullfrog hits you. x2
You closely miss the bullfrog.
The bullfrog is almost dead.
The bullfrog misses you. x2
You closely miss the bullfrog.
The bullfrog is severely wounded.
The bullfrog hits you but does no damage.
You puncture the bullfrog!
Your weapon exudes an aura of protection.
You kill the bullfrog!
You have reached level 5!
Your demonic ancestry asserts itself...
You feel the presence of a demonic guardian.
Are you sure you want to abandon this character and quit the game? (Confirm with "yes".)

#.##.######.. . #....###
.####.....#
......#...######
###..##...#.....
#.............
##............
..##########............
.......@.....##.........
..#######..#####<.......
####.## #.........
##....# #.#.......
#..#### #.#.......
#####.## ##.#.......
##.))..# #..#.......
#.####################...
###..................†...


There were no monsters in sight!

Vanquished Creatures
  A bullfrog (D:3)
  A worker ant (D:3)
  2 adders
  2 worms
  3 dart slugs
  A leopard gecko (D:1)
  4 orcs (D:3)
  3 giant cockroaches
  7 goblins
  4 hobgoblins
  5 jackals
  6 kobolds
  A ball python (D:1)
  5 bats (D:1)
  5 frilled lizards
  8 rats
58 creatures vanquished.

Notes
Turn   | Place    | Note
-------+----------+-------------------------------------------
     0 | D:1      | Chiseanne the Demonspawn Hedge Wizard began the quest for
                  | the Orb.
     0 | D:1      | Reached XP level 1. HP: 13/13 MP: 4/4
   210 | D:1      | Gained mutation: You are partially covered in razor-sharp
                  | scales. (AC +1, Slay +1) [demonic ancestry]
   210 | D:1      | Reached XP level 2. HP: 19/19 MP: 3/6
   833 | D:1      | Reached XP level 3. HP: 24/24 MP: 0/8
  1197 | D:2      | Found a faded altar of an unknown god.
  1899 | D:2      | Found a broken altar of Ashenzari.
  2140 | D:2      | Reached XP level 4. HP: 23/30 MP: 9/9
  2455 | D:3      | Reached skill level 4 in Spellcasting
  2734 | D:3      | Found an iron altar of Okawaru.
  2824 | D:3      | Noticed a bullfrog
  2837 | D:3      | Killed a bullfrog
  2838 | D:3      | Gained mutation: A weak demonic guardian rushes to your
                  | aid. [demonic ancestry]
  2838 | D:3      | Reached XP level 5. HP: 13/35 MP: 5/11
  2838 | D:3      | Quit the game

Illustrated notes

Levels and vault maps discovered:
D:1:      dpeg_arrival_ratfight, layout_basic, hangedman_glass_teeth,
          chequers_serial_rivers_micro_a
D:2:      layout_basic, ashenzari_conservatory_becter,
          chequers_ecumenical_altar_simple, minivault_11,
          kennysheep_generic_room_13
D:3:      layout_rooms, lemuel_coloured_pillars_altar,
          nemelex_xobeh_ov_fountains_minmay, portal_sewer_entry_e

Skill      XL: |  1  2  3  4 |
---------------+-------------+-----
Conjurations   | 2 3 |  3.7
Spellcasting   | 4 |  4.5
Dodging        | |  1.7
Stealth        | |  1.7
Summonings     | |  1.0
Translocations | |  0.8

Action                   |  1- 3 |  4- 6 || total
-------------------------+-------+-------++-------
Melee: Short sword       |    28 |    21 ||    49
       Dagger            |     1 |       ||     1
 Cast: Magic Dart        |   106 |    38 ||   144
  Use: Scroll            |     4 |     2 ||     6
Armor: Robe              |    16 |     7 ||    23
Dodge: Dodged            |    30 |    23 ||    53
